 Dungeon Crawl Stone Soup version 0.18-b1-22-ge198996 (webtiles) character file.

82 Peloso the Shield-Bearer (level 4, -12/41 HPs)
             Began as a Minotaur Fighter on May 4, 2016.
             Killed by divine providence
             ... invoked by an orc priest
              (13 damage)
             ... on level 3 of the Dungeon.
             The game lasted 00:04:07 (1886 turns).

Peloso the Shield-Bearer (Minotaur Fighter)         Turns: 1886, Time: 00:04:08

Health: -12/41     AC:  9    Str: 20    XL:     4   Next: 21%
Magic:  3/3        EV:  5    Int:  5    God:
Gold:   106        SH: 10    Dex: 15    Spells: 0 memorised, 3 levels left

rFire  . . .     SeeInvis .     a - +0 long sword
rCold  . . .     Gourm    .     r - +0 chain mail
rNeg   . . .     Faith    .     c - +0 shield
rPois  .         Spirit   .     (helmet restricted)
rElec  .         Dismiss  .     (no cloak)
rCorr  .         Reflect  .     (no gloves)
SustAt .         Harm     .     (no boots)
MR     .....                    (no amulet)
Stlth  ..........               w - ring of wizardry
                                h - +4 ring of dexterity

@: not resistant to hostile enchantments, extremely unstealthy
A: retaliatory headbutt, horns 2
a: no special abilities


You were on level 3 of the Dungeon.
You were very hungry.

You visited 1 branch of the dungeon, and saw 3 of its levels.

You collected 106 gold pieces.

Inventory:

Hand Weapons
 a - a +0 long sword (weapon)
 l - a +1 short sword of holy wrath
Armour
 b - a +0 scale mail
 c - a +0 shield (worn)
 r - a +0 chain mail (worn)
Jewellery
 h - a +4 ring of dexterity (left hand)
 w - a ring of wizardry (right hand)
Scrolls
 g - 4 scrolls of random uselessness {unknown}
 i - 6 scrolls of identify {unknown}
 j - a scroll of enchant weapon {unknown}
 s - a scroll of blinking {unknown}
Potions
 d - a potion of might
 e - 2 potions of degeneration {unknown}
 k - a potion of lignification {unknown}
 m - 3 potions of curing {unknown}
 n - a potion of resistance {unknown}
 o - a potion of haste {unknown}
 p - a potion of agility {unknown}
Books
 u - a book of Frost

   Spells                             Type                      Level
   a - Freeze                         Ice                          1
   b - Throw Frost                    Conjuration/Ice              2
   c - Ozocubu's Armour               Charms/Ice                   3
   d - Throw Icicle                   Conjuration/Ice              4
   e - Summon Ice Beast               Ice/Summoning                4
Comestibles
 f - 2 bread rations
 q - a meat ration
 t - a beef jerky


   Skills:
 + Level 4.5 Fighting
 + Level 2.8 Long Blades
 + Level 4.2 Armour
 + Level 0.4 Dodging
 + Level 4.6 Shields


You had 3 spell levels left.
You didn't know any spells.

Dungeon Overview and Level Annotations

Branches:
Dungeon (3/15)

Altars:
Vehumet


Innate Abilities, Weirdness & Mutations

You reflexively headbutt those who attack you in melee.
You have a pair of horns on your head.


Message History

You slash the orc!
You kill the orc!
The orc closely misses you.
The orc priest hits you from afar with a trident!
The orc hits you with a trident.
* * * LOW HITPOINT WARNING * * *
You hit the orc.
The orc is severely wounded.
The orc priest hits you from afar with a trident.
* * * LOW HITPOINT WARNING * * *
You block the orc's attack.
You slash the orc!
You kill the orc!
You block the orc priest's attack.
The orc priest mumbles some strange prayers to Beogh against you.
Beogh smites you!
* * * LOW HITPOINT WARNING * * *
The orc priest calls down the wrath of Beogh upon you.
Beogh smites you!
You die...

#... #...#####
#...$...#######
#...##..o.o)..#
#... #..#####.#
..... #..# #o#
####.# #..# #.#
$. #..# #.# ...
#..# #@# ...
#..#####.#
#........#
#.#.######
########.#.#
##........#.#
.##########.#
.'........>.#
.############


You could see an orc priest.

Vanquished Creatures
  2 adders (D:2)
  3 oozes
  A worm (D:2)
  2 dart slugs
  A giant gecko (D:2)
  3 orcs (D:3)
  2 giant cockroaches
  3 goblins
  3 hobgoblins
  4 jackals (D:3)
  A quokka (D:3)
  A ball python (D:1)
  7 bats
  3 giant newts
  2 kobolds
  4 rats
42 creatures vanquished.

Notes
Turn   | Place    | Note
--------------------------------------------------------------
     0 | D:1      | Peloso the Minotaur Fighter began the quest for the Orb.
     0 | D:1      | Reached XP level 1. HP: 19/19 MP: 0/0
   284 | D:1      | Reached XP level 2. HP: 27/27 MP: 1/1
   923 | D:2      | Reached XP level 3. HP: 33/33 MP: 2/2
  1131 | D:2      | Found a radiant altar of Vehumet.
  1687 | D:3      | Reached XP level 4. HP: 41/41 MP: 3/3
  1884 | D:3      | HP: 1/41 [orc priest/divine providence (10)]
  1886 | D:3      | Killed from afar by an orc priest

Skill      XL: |  1  2  3 |
---------------+----------+-----
Shields        | 4 |  4.6
Armour         | 4 |  4.2
Fighting       | 4 |  4.5
Long Blades    | |  2.8
Dodging        | |  0.4

Action                   |  1- 3 |  4- 6 || total
-------------------------+-------+-------++-------
Melee: Long sword        |    78 |    13 ||    91
       Headbutt          |    15 |     3 ||    18
  Eat: Chunk             |     1 |     1 ||     2
Armor: Scale mail        |    20 |       ||    20
       Chain mail        |    16 |     6 ||    22
Dodge: Dodged            |    27 |     4 ||    31
Block: Shield            |    45 |     6 ||    51
